AoeStats
← Ducapijeiler

Arena

506526584Analyzed
2v2 RM · 19d ago on Sep 13, 2026· 36m 45s· 4 players
Game mode
Random Map
Map size
Medium (4 player)
Population
200
Speed
Normal
Resources
Standard
Victory
Conquest
Starting age
Dark Age
Ending age
Imperial Age
RankedLock teamsTeams togetherTeam positionsShared explorationLock speedFull tech treeHidden civsTurbo modeCheats
Victory
Defeat
🇨🇱 Bulgarians · Chile
871
+17
🇨🇱 Vietnamese · Chile
846
+18
🇦🇷 Huns · Argentina
1000
-76
🇦🇷 Celts · Argentina
762
-12
JBR94
10:38 Feudal Age
11:33 Loom
14:43 Castle Age
15:57 Double-Bit Axe
20:52 Arson
23:40 Forging
25:13 Horse Collar
26:59 Heavy Plow
27:11 Bow Saw
29:23 Husbandry
29:34 Scale Barding Armor
31:01 Gold Mining
31:33 Bloodlines
32:02 Light Cavalry
38:56 Imperial Age
Attilio2477
10:00 Feudal Age
17:40 Castle Age
17:06 Scale Barding Armor
17:02 Stone Mining
17:45 Gold Mining
17:49 Double-Bit Axe
19:04 Loom
22:51 Stone Shaft Mining
22:51 Treadmill Crane
25:05 Squires
28:06 Ballistics
27:27 Elite Skirmisher
28:23 Murder Holes
32:14 Thumb Ring
32:47 Wheelbarrow
32:17 Herbal Medicine
34:06 Hand Cart
34:36 Arson
35:28 Horse Collar
39:26 Imperial Age
Laza
10:59 Feudal Age
16:44 Castle Age
15:59 Double-Bit Axe
23:14 Wheelbarrow
22:24 Town Watch
22:33 Horse Collar
25:15 Bow Saw
25:07 Heavy Plow
26:47 Fletching
28:12 Hand Cart
33:21 Imperial Age
32:26 Ballistics
33:26 Onager
35:17 Conscription
Ducapijeiler
12:19 Feudal Age
10:47 Loom
12:33 Feudal Age
19:24 Wheelbarrow
18:34 Town Watch
22:26 Gold Mining
Connection lost

Rejoining the realm…

Still unreachable

The connection could not be restored.

Session expired

The server has moved on; the page needs a fresh start.